 Dungeon Crawl Stone Soup version 0.22-a0-409-gb855193 (webtiles) character file.

13770 w00t the Basher (level 12, -14/91 HPs)
             Began as a Formicid Fighter on May 10, 2018.
             Was a Believer of the Shining One.
             Demolished by a white ugly thing (27 damage)
             ... on level 10 of the Dungeon.
             The game lasted 00:25:22 (11405 turns).

w00t the Basher (Formicid Fighter)                 Turns: 11405, Time: 00:25:23

Health: -14/91     AC: 16    Str: 30    XL:     12   Next: 36%
Magic:  12/12      EV: 10    Int:  8    God:    the Shining One [**....]
Gold:   413        SH:  6    Dex: 15    Spells: 10/11 levels left

rFire    . . .     SeeInvis +   b - +2 dire flail (crush)
rCold    . . .     Gourm    +   f - +0 buckler
rNeg     + + +     Faith    .   V - +0 plate armour
rPois    .         Spirit   .   (helmet unavailable)
rElec    .         Reflect  .   (no cloak)
rCorr    .         Harm     .   R - +2 pair of gloves
MR       +....                  (no boots)
Stlth    ..........             m - amulet of the gourmand {Gourm, !d}
HPRegen  0.25/turn              v - +5 ring of strength
MPRegen  0.13/turn              K - ring of Podghiy {+Fly rN++ Dex+4}

@: glowing
A: permanent stasis, dig shafts and tunnels, four strong arms, antennae 3,
screaming 1, wild magic 1
a: Dig, Shaft Self, Divine Shield, Renounce Religion, Evoke Flight


You were on level 10 of the Dungeon.
You worshipped the Shining One.
The Shining One was pleased with you.
You were completely stuffed.

You visited 2 branches of the dungeon, and saw 11 of its levels.

You collected 413 gold pieces.

Inventory:

Hand Weapons
 a - a +0 broad axe
 b - a +2 dire flail of crushing (weapon)
Missiles
 d - 3 throwing nets {=f, !d}
 k - 247 stones
 t - 100 sling bullets
 P - 3 javelins
 S - 8 tomahawks (quivered)
Armour
 c - a +0 shield
 f - a +0 buckler (worn)
 R - a +2 pair of gloves (worn)
 V - a +0 plate armour (worn)
Jewellery
 m - an amulet of the gourmand (around neck) {Gourm, !d}
 v - a +5 ring of strength (left hand)
 F - an uncursed amulet of the acrobat {unknown}
 H - an uncursed ring of stealth {unknown}
 K - the ring of Podghiy (right hand) {+Fly rN++ Dex+4}
   (You found it on level 5 of the Dungeon)

   [ring of flight]

   It affects your dexterity (+4).
   It greatly protects you from negative energy.
   It lets you fly.
 L - an uncursed ring of protection from cold {unknown}
 N - an uncursed ring of flight {unknown}
Wands
 g - a wand of iceblast (7)
 n - a wand of random effects (48)
 y - a wand of acid (10)
 O - a wand of paralysis (25)
Scrolls
 h - 2 scrolls of magic mapping {unknown}
 i - 2 scrolls of random uselessness {unknown}
 l - a scroll of immolation {unknown}
 o - 3 scrolls of fear {unknown}
 p - 10 scrolls of identify {@r1}
 s - 4 scrolls of remove curse {@r2}
 w - 2 scrolls of blinking {unknown}
 x - a scroll of fog {unknown}
 A - 2 scrolls of noise {unknown}
 B - 2 scrolls of enchant armour {unknown}
 G - a scroll of vulnerability {unknown}
 J - a scroll of enchant weapon {unknown}
 T - a scroll of amnesia {unknown}
 U - a scroll of acquirement {unknown}
Potions
 e - a potion of agility {unknown}
 j - 2 potions of flight {unknown}
 q - 2 potions of mutation {!q}
 u - a potion of lignification {unknown}
 z - 7 potions of curing {@q1}
 D - a potion of degeneration {unknown}
 E - a potion of magic
 I - a potion of berserk rage {unknown}
 Q - 3 potions of ambrosia {unknown}
Comestibles
 r - 27 rations
 C - 11 chunks of flesh


   Skills:
 + Level 7.0 Fighting
 - Level 8.7(12.0) Axes
 - Level 13.1(14.0) Maces & Flails
 - Level 3.1 Throwing
 + Level 7.0 Armour
 + Level 3.9 Dodging
 + Level 6.4 Shields


You had 10 spell levels left.
You knew the following spells:

 Your Spells              Type           Power        Failure   Level  Hunger
b - Beastly Appendage     Tmut           #.....       99%         1    ##.....


Dungeon Overview and Level Annotations

Branches:
Dungeon (10/15)            Temple (1/1) D:7
   Lair: D:8-11         Orc: D:9-12

Altars:
Ashenzari
Cheibriados
Dithmenos
Elyvilon
Fedhas
Gozag
Hepliaklqana
Kikubaaqudgha
Makhleb
Nemelex Xobeh
Okawaru
Qazlal
Ru
Sif Muna
Trog
Uskayaw
Vehumet
Wu Jian
Xom
Yredelemnul
Zin
The Shining One

Annotations:
D:2 exclusion: 2 downstairs


Innate Abilities, Weirdness & Mutations

You cannot be hasted, slowed, berserked, paralysed or teleported.
You can dig through walls and to a lower floor.
Your four strong arms can wield two-handed weapons with a shield.
You have a pair of large antennae on your head. (SInv)
You occasionally shout uncontrollably at your foes.
Your spells are a little harder to cast, but a little more powerful.


Message History

Your divine shield fades away.
The killer bee stings you but does no damage.
You sock the killer bee!
The killer bee is severely wounded.
The killer bee stings you but does no damage.
You impale the killer bee!!
You kill the killer bee!
You hit the orc warrior.
The orc warrior is moderately wounded.
You hit the orc warrior.
The orc warrior is heavily wounded.
You barely miss the white ugly thing. You hit the white ugly thing.
The white ugly thing is lightly wounded.
You hit the white ugly thing.
The white ugly thing is lightly wounded.
The white ugly thing pecks you.
* * * LOW HITPOINT WARNING * * *
The white ugly thing freezes you!!
You die...

.# #...# .####...###
.##.......#
.##.......#
.##.......############
.##........†.........#
.#..#########.######.#
....#oupe{..#.#u## #.#
.#..########..o#@# #.#
.##.#()!/[}[#.#### #.#
.##.#########..# #.#
.##....))......# #.#
.#######.#####.# #.#
.# #.# #.#####.## .#
#.# #........# .#####
#.# #######..# .....#
#.. #..#


You could see a white ugly thing.

Vanquished Creatures
  Gastronok (D:8)
  3 two-headed ogres (D:10)
  2 death knights (D:10)
  Pikel (D:4)
  A deep elf mage (D:10)
  Joseph (D:7)
  Prince Ribbit (D:7)
  A hornet (D:6)
  Sigmund (D:2)
  A wyvern (D:9)
  3 yaks (D:10)
  Grum (D:8)
  A steam dragon (D:9)
  2 hungry ghosts
  A soldier ant (D:10)
  Edmund (D:4)
  Purgy (D:4)
  2 sky beasts
  An ice beast (D:6)
  2 orc warriors
  2 black bears (D:7)
  5 ogres
  4 phantoms
  4 wolves (D:8)
  7 centaurs
  2 big kobolds
  Blork the orc (D:4)
  6 bullfrogs
  A gnoll sergeant (D:6)
  6 scorpions
  5 killer bees
  10 wights
  3 electric eels
  5 howler monkeys
  4 crimson imps
  A bullfrog zombie (D:5)
  3 hounds
  2 jellies (D:5)
  A quasit (D:9)
  2 gnoll shamans
  3 bullfrog skeletons
  6 orc priests
  A centaur skeleton (D:10)
  Ijyb (D:5)
  11 orc wizards
  3 iguanas
  6 worker ants
  A hound skeleton (D:7)
  2 hound zombies
  A howler monkey zombie (D:7)
  4 worker ant zombies
  Robin (D:2)
  A howler monkey skeleton (D:4)
  11 gnolls
  17 adders
  2 shadow imps
  An ooze (D:4)
  An adder zombie (D:7)
  An adder skeleton (D:8)
  3 worms
  2 dart slugs (D:1)
  3 leopard geckos
  32 orcs
  2 ball pythons
  6 giant cockroaches
  14 goblins
  11 hobgoblins
  4 jackals (D:4)
  12 kobolds
  4 quokkas
  16 bats
  5 frilled lizards
  A jackal skeleton (D:5)
  2 quokka skeletons
  A quokka zombie (D:5)
  8 rats
302 creatures vanquished.

Vanquished Creatures (others)
  An ogre (D:6)
  A crimson imp (D:6)
  An orc priest (D:6)
  A hound (D:6)
  A worker ant (D:6)
  A gnoll (D:6)
  An adder (D:6)
  A giant cockroach (D:6)
  4 fungi (D:4)
12 creatures vanquished.

Grand Total: 314 creatures vanquished

Notes
Turn   | Place    | Note
-------+----------+-------------------------------------------
     0 | D:1      | w00t the Formicid Fighter began the quest for the Orb.
     0 | D:1      | Reached XP level 1. HP: 18/18 MP: 1/1
   136 | D:1      | Found a sparkling altar of Nemelex Xobeh.
   311 | D:1      | Reached XP level 2. HP: 24/24 MP: 2/2
   617 | D:1      | Reached XP level 3. HP: 29/29 MP: 3/3
  1144 | D:2      | Noticed Sigmund
  1157 | D:2      | Killed Sigmund
  1157 | D:2      | Reached skill level 5 in Axes
  1157 | D:2      | Reached XP level 4. HP: 28/35 MP: 4/4
  1157 | D:2      | Reached XP level 5. HP: 33/41 MP: 5/5
  1157 | D:2      | Reached XP level 6. HP: 38/47 MP: 6/6
  1336 | D:2      | Found a radiant altar of Vehumet.
  1415 | D:2      | Noticed Robin
  1427 | D:2      | Killed Robin
  2042 | D:3      | Noticed an ogre
  2615 | D:3      | Reached XP level 7. HP: 38/52 MP: 7/7
  3418 | D:4      | Noticed Purgy
  3441 | D:4      | Killed Purgy
  3591 | D:4      | Noticed Edmund
  3598 | D:4      | Killed Edmund
  3598 | D:4      | Reached XP level 8. HP: 51/58 MP: 8/8
  3681 | D:4      | Reached skill level 1 in Maces & Flails
  3701 | D:4      | Reached skill level 2 in Maces & Flails
  3740 | D:4      | Reached skill level 3 in Maces & Flails
  3905 | D:4      | Reached skill level 4 in Maces & Flails
  3906 | D:4      | Noticed Blork the orc
  3920 | D:4      | Killed Blork the orc
  3920 | D:4      | Reached skill level 5 in Maces & Flails
  4224 | D:4      | Noticed Pikel
  4241 | D:4      | Killed Pikel
  4241 | D:4      | Reached skill level 7 in Maces & Flails
  4241 | D:4      | Reached XP level 9. HP: 62/64 MP: 9/9
  4442 | D:5      | Entered Level 5 of the Dungeon
  4557 | D:5      | Reached skill level 1 in Throwing
  4559 | D:5      | Reached skill level 8 in Maces & Flails
  4852 | D:5      | Learned a level 1 spell: Beastly Appendage
  4874 | D:5      | Found a shattered altar of Ashenzari.
  4881 | D:5      | Found a large runed door.
  4887 | D:5      | Found a large runed door.
  4941 | D:5      | Got an ancient wooden ring
  4942 | D:5      | Identified the ring of Podghiy {+Fly rN++ Dex+4} (You found it on level 5 of the Dungeon)
  5074 | D:5      | Found a large runed door.
  5074 | D:5      | Found a large runed door.
  5200 | D:5      | Noticed Ijyb
  5239 | D:5      | Killed Ijyb
  5596 | D:6      | Reached skill level 9 in Maces & Flails
  5637 | D:6      | Reached XP level 10. HP: 55/70 MP: 10/10
  5840 | D:6      | Found a shimmering altar of Xom.
  6092 | D:6      | Reached skill level 10 in Maces & Flails
  6208 | D:5      | Got a dazzling leather armour
  6211 | D:5      | Identified the cursed +0 leather armour of Royalty {rC++ Str+8} (You found it on level 5 of the Dungeon)
  6881 | D:7      | Reached skill level 11 in Maces & Flails
  7053 | D:7      | Found a staircase to the Ecumenical Temple.
  7072 | Temple   | Entered the Ecumenical Temple
  7297 | Temple   | Became a worshipper of the Shining One
  7319 | D:7      | Noticed Prince Ribbit
  7370 | D:7      | Killed Prince Ribbit
  7516 | D:7      | Noticed Joseph
  7529 | D:7      | Reached * piety under the Shining One
  7536 | D:7      | Killed Joseph
  7536 | D:7      | Reached skill level 12 in Maces & Flails
  7984 | D:7      | Found a shadowy altar of Dithmenos.
  8062 | D:8      | Reached XP level 11. HP: 69/75 MP: 11/11
  8344 | D:8      | Noticed Gastronok
  8369 | D:8      | Killed Gastronok
  8606 | D:8      | Reached skill level 5 in Armour
  8797 | D:8      | Reached skill level 5 in Fighting
  8847 | D:8      | Noticed Grum
  8860 | D:8      | Killed Grum
  8875 | D:8      | Reached skill level 13 in Maces & Flails
  9312 | D:8      | Found an iron altar of Okawaru.
  9588 | D:9      | Reached skill level 1 in Dodging
 10323 | D:10     | Entered Level 10 of the Dungeon
 10345 | D:10     | Noticed a two-headed ogre
 10354 | D:10     | Killed a two-headed ogre
 10501 | D:10     | Reached ** piety under the Shining One
 10526 | D:10     | Noticed a death knight
 10526 | D:10     | Noticed a deep elf mage
 10528 | D:10     | Noticed a white ugly thing
 10530 | D:10     | Noticed a two-headed ogre
 10531 | D:10     | Noticed a death knight
 10799 | D:10     | Noticed a two-headed ogre
 10810 | D:10     | Killed a two-headed ogre
 10810 | D:10     | Reached skill level 5 in Shields
 11189 | D:10     | Reached XP level 12. HP: 88/88 MP: 12/12
 11333 | D:10     | Gained mutation: You occasionally shout uncontrollably at your foes. [potion of mutation]
 11333 | D:10     | Gained mutation: Your spells are a little harder to cast, but a little more powerful. [potion of mutation]
 11358 | D:10     | Killed a two-headed ogre
 11370 | D:10     | Killed a death knight
 11385 | D:10     | HP: 4/89 [mirror damage (11)]
 11391 | D:10     | HP: 4/89 [mirror damage (13)]
 11393 | D:10     | Killed a death knight
 11405 | D:10     | Demolished by a white ugly thing

Vault maps used:
D:1:      evilmike_arrival_home_sweet_home, skrybe_limestone_x,
          nemelex_xobeh_ov_fountains_minmay
D:2:      kennysheep_big_flooded_room, lemuel_coloured_pillars_altar,
          uniq_robin, uniq_sigmund
D:3:      first_ration, hangedman_decor_peaks_small, grunt_ministairs_15
D:4:      old_forge, uniq_pikel, uniq_blork_the_orc, uniq_purgy, uniq_edmund
D:5:      kennysheep_little_box, minmay_hollow_rounded_squares, uniq_ijyb
D:6:      xom_confusion_cloud
D:7:      nicolae_dithmenos_through_a_glass_darkly,
          minmay_temple_entry_junction_2, grunt_ogre_cave, uniq_prince_ribbit1,
          uniq_joseph
D:8:      kennysheep_mini, uniq_gastronok, uniq_grum
D:10:     minmay_crystal_water, minmay_misc_feat_columns, minivault_25_ag,
          onia_ninara_dug_in_and_dangerous
Temple:   eino_narrow_crystal_temple

Skill      XL: |  1  2  3  4  5  6  7  8  9 10 11 12 |
---------------+-------------------------------------+-----
Axes           | 3 5 7 8 |  8.7
Maces & Flails | 7 9 12 13 | 13.1
Throwing       | 3 |  3.1
Fighting       | 6 7 |  7.0
Armour         | 6 7 |  7.0
Dodging        | 2 3 |  3.9
Shields        | 5 6 |  6.4

Action                   |  1- 3 |  4- 6 |  7- 9 | 10-12 || total
-------------------------+-------+-------+-------+-------++-------
Melee: War axe           |    93 |   112 |    20 |       ||   225
       Hand axe          |       |       |    58 |       ||    58
       Dire flail        |       |       |    86 |   318 ||   404
       Flail             |       |       |   188 |   168 ||   356
Throw: Stone             |     1 |       |    13 |    27 ||    41
       Javelin           |       |       |     5 |    11 ||    16
       Tomahawk          |       |       |     4 |    20 ||    24
Invok: Divine Shield     |       |       |       |     1 ||     1
 Abil: Dig               |       |     1 |     4 |    11 ||    16
  Use: Potion            |       |       |     1 |     5 ||     6
       Scroll            |       |       |       |     3 ||     3
  Eat: Chunk             |    14 |     6 |    10 |    30 ||    60
       Ration            |       |       |       |     1 ||     1
Armor: Scale mail        |    38 |    84 |    25 |       ||   147
       Chain mail        |       |       |   103 |   130 ||   233
       Plate armour      |       |       |       |    21 ||    21
Dodge: Dodged            |    28 |    64 |   110 |   127 ||   329
Block: Shield            |    61 |    13 |       |       ||    74
       Buckler           |       |    22 |    57 |    83 ||   162

Table legend:
 A = Spawn XP
 B = Non-spawn XP
 C = Spawn XP percentage of total XP
 D = Spawn monster count
 E = Non-spawn monster count
 F = Spawn count percentage of total count
 G = Total turns spent on level
                    A         B        C        D         E        F      G
               +---------+---------+-------+---------+---------+-------+---------
         Total |       0 |   19672 |   0.0 |       0 |     302 |   0.0 | 11405
               +---------+---------+-------+---------+---------+-------+---------
           D:1 |       0 |      37 |   0.0 |       0 |      21 |   0.0 |  1027
           D:2 |       0 |     313 |   0.0 |       0 |      37 |   0.0 |  1167
           D:3 |       0 |     374 |   0.0 |       0 |      25 |   0.0 |  1175
           D:4 |       0 |    1788 |   0.0 |       0 |      35 |   0.0 |  1073
           D:5 |       0 |    1118 |   0.0 |       0 |      31 |   0.0 |  1158
           D:6 |       0 |    1598 |   0.0 |       0 |      40 |   0.0 |  1211
           D:7 |       0 |    2410 |   0.0 |       0 |      36 |   0.0 |  1206
           D:8 |       0 |    3644 |   0.0 |       0 |      25 |   0.0 |  1089
           D:9 |       0 |    1070 |   0.0 |       0 |      21 |   0.0 |   973
          D:10 |       0 |    7320 |   0.0 |       0 |      31 |   0.0 |  1082
               +---------+---------+-------+---------+---------+-------+---------
